 Dungeon Crawl Stone Soup version 0.26.1-10-gdfb7c7de75 (webtiles) character file.

Game seed: 7706451332937215449

13578 saucetenuto the Brawler (level 11, 0/97 HPs)
             Began as a Troll Fighter on Apr 4, 2021.
             Was a Priest of Qazlal.
             Killed from afar by a molten gargoyle (11 damage)
             ... with a bolt of magma
             ... in a volcano.
             The game lasted 00:32:00 (8671 turns).

saucetenuto the Brawler (Troll Fighter)             Turns: 8671, Time: 00:32:01

Health: 0/97       AC:  8    Str: 29    XL:     11   Next: 77%
Magic:  10/10      EV: 11    Int: 10    God:    Qazlal [***...]
Gold:   218        SH: 23    Dex: 15    Spells: 10/10 levels left

rFire    + + .     SeeInvis .     - Unarmed
rCold    + . .     Faith    .   I - +2 kite shield
rNeg     + . .     Spirit   .   v - +2 robe {rN+}
rPois    +         Reflect  +   (helmet restricted)
rElec    +         Harm     .   (no cloak)
rCorr    +         Rampage  .   (gloves unavailable)
Will     .....                  (boots unavailable)
Stlth    +.........             G - amulet of reflection
HPRegen  0.66/turn              d - +6 ring of dexterity
MPRegen  0.12/turn              x - ring "Paphoph" {rElec rF+ Int+6}

@: resistant
A: large, unfitting armour, claws 3, regeneration 1, shaggy fur 1, tough skin 3
a: Renounce Religion, Upheaval, Elemental Force


You were in a volcano.
You worshipped Qazlal.
Qazlal was most pleased with you.
You visited 2 branches of the dungeon, and saw 10 of its levels.
You also visited: Volcano.

You collected 581 gold pieces.
You spent 363 gold pieces at shops.

Inventory:

Hand Weapons
 p - a +0 giant spiked club
Missiles
 F - 50 poisoned darts (quivered)
Armour
 v - a +2 robe of positive energy (worn)
 I - a +2 kite shield (worn)
Jewellery
 b - an uncursed ring of positive energy
 d - a +6 ring of dexterity (left claw)
 o - an uncursed ring of see invisible
 x - the ring "Paphoph" (right claw) {rElec rF+ Int+6}
   (You found it on level 6 of the Dungeon)

   [ring of intelligence]

   It affects your intelligence (+6).
   It protects you from fire.
   It insulates you from electricity.
 y - an uncursed amulet of the acrobat
 G - an amulet of reflection (around neck)
Wands
 q - a wand of flame (12)
 u - a wand of random effects (55)
 D - a wand of disintegration (38)
 E - a wand of paralysis (10)
Scrolls
 a - 2 scrolls of fear {unknown}
 c - 8 scrolls of teleportation
 e - 8 scrolls of remove curse {unknown}
 f - 4 scrolls of immolation {unknown}
 h - 2 scrolls of amnesia
 i - 2 scrolls of enchant weapon {unknown}
 j - 2 scrolls of fog
 B - 2 scrolls of enchant armour {unknown}
 H - 2 scrolls of blinking
Potions
 g - 2 potions of invisibility
 k - 8 potions of curing
 l - 5 potions of flight
 m - 4 potions of cancellation
 n - a potion of attraction
 r - 2 potions of brilliance
 s - 2 potions of magic
 t - a potion of resistance
 w - 2 potions of mutation
 z - a potion of heal wounds {unknown}
 A - 2 potions of berserk rage
Miscellaneous
 J - a condenser vane


   Skills:
 + Level 3.2 Fighting
 - Level 3.1 Throwing
 - Level 2.4 Dodging
 - Level 9.0 Shields
 - Level 15.0 Unarmed Combat


You had 10 spell levels left.
You didn't know any spells.
Your spell library contained the following spells:

 Spells                   Type           Power        Failure   Level
 Foxfire                  Conj/Fire      0%           36%         1
 Confusing Touch          Hex            0%           75%         3
 Conjure Flame            Conj/Fire      0%           75%         3
 Gell's Gravitas          Tloc           0%           75%         3
 Inner Flame              Hex/Fire       0%           75%         3
 Petrify                  Tmut/Erth      0%           98%         4
 Sticky Flame             Conj/Fire      0%           98%         4
 Fireball                 Conj/Fire      0%           100%        5
 Metabolic Englaciation   Hex/Ice        0%           100%        5
 Yara's Violent Unravell  Hex/Tmut       0%           100%        5


Dungeon Overview and Level Annotations

Branches:
Dungeon (8/15)             Temple (0/1) D:7            Lair (2/6) D:8
  Snake (0/4) Lair:2      Volcano (1/1)
  Swamp: Lair:2-4    Shoals: Lair:2-4

Altars:
Dithmenos
Gozag
Hepliaklqana
Makhleb
Qazlal
Ru
Vehumet
Yredelemnul
Zin
The Shining One

Shops:
D:6 **(=*!   D:8 ?

Annotations:
D:4 exclusion: statue


Innate Abilities, Weirdness & Mutations

You are too large for most types of armour.
You have claws for hands.
Your natural rate of healing is unusually fast.
You are covered in fur. (AC +1)
You have extremely tough skin. (AC +3)


Message History

The molten gargoyle blasts magma at you!
The bolt of magma hits you!! You partially resist.
* * * LOW HITPOINT WARNING * * *
You block the salamander's attack.
You feel protected.
The volcano roars to life, belching forth lava!
The salamander closely misses you.
Blink to where?
Press: ? - help, Dir - move target You can't see that place. [the floor.]
Okay, then.
Okay, then.
Okay, then.
Press: ? - help, v - describe, . - travel
Here: a molten gargoyle, wielding a +0 flail The floor, spattered with blood.
The molten gargoyle blasts magma at you!
The bolt of magma hits you! You partially resist.
You die...

#'# ###.≈§§§§§≈°≈°○.§§ #.#
..#.§≈≈§≈§≈§..○☼≈§ #.#
#..§§≈≈§§°○°○§§≈ #.#
#.§§§≈..§§°≈○§≈≈ #.#
#.≈≈..§≈§≈°§≈○≈≈ #.#
#.§.≈≈☼§≈≈§°§≈≈≈ #.#
#.§§≈§§≈§§≈§°§≈.
######)########.≈≈§§≈≈≈§°○≈○§≈
§.........§§).9.@.§§§≈≈§§≈≈≈§≈≈≈≈
§§§≈≈≈≈≈§§§§§≈N§☼≈§§§≈≈§≈≈≈§§§≈≈.
§§§≈≈§≈§≈§≈§§≈≈≈§§≈§§≈≈≈§§≈§§≈§§≈
§§≈≈≈≈≈≈≈§§≈§≈≈≈≈§§○§§§§≈≈§≈≈≈≈≈≈
§§≈≈≈§§≈≈§§§§≈≈§§☼≈§§§≈§§≈≈≈§§§§≈
§≈≈≈§§≈§§§≈≈§°°°○○§≈○○≈≈≈§§≈≈§≈§.
§≈≈≈§§≈≈§§≈○○☼☼.○°°≈≈○○○§≈≈≈≈≈...
§≈§≈§§≈§≈≈≈○○○○☼○°○≈≈☼≈§§≈≈§.....
......§........#.................


You could see a salamander (fast) and a molten gargoyle.

Vanquished Creatures
  A two-headed ogre (D:7)
  3 death yaks
  A salamander mystic (Volcano)
  2 salamanders (Volcano)
  A manticore (D:7)
  Joseph (D:8)
  2 black mambas (Lair:1)
  A molten gargoyle (Volcano)
  The ghost of DearestLeader the Covert, a novice SpEn (D:7)
  4 cane toads (Lair:1)
  3 komodo dragons (Lair:1)
  6 yaks
  2 fire bats (Volcano)
  A basilisk (Lair:1)
  5 water moccasins
  2 phantoms
  2 sky beasts
  2 black bears
  An ice beast (D:7)
  2 necrophages
  3 ogres
  2 centaurs (D:7)
  Blork the orc (D:5)
  10 big kobolds (D:7)
  9 bullfrogs
  7 scorpions
  5 wights
  A howler monkey (D:7)
  8 lava snakes (Volcano)
  2 hounds
  A centaur skeleton (D:8)
  2 bullfrog skeletons
  5 orc wizards
  8 worker ants
  2 hound skeletons (D:7)
  A howler monkey zombie (D:7)
  Robin (D:3)
  10 gnolls
  A howler monkey skeleton (D:5)
  10 adders
  A river rat (D:8)
  2 shadow imps (D:7)
  8 white imps
  An ufetubus (D:7)
  2 oozes
  A worm (D:2)
  2 dart slugs (D:1)
  2 leopard geckos
  21 orcs
  2 ball pythons
  9 bats
  2 giant cockroaches
  7 goblins
  11 hobgoblins
  11 jackals
  A jackal skeleton (D:4)
  9 kobolds
  2 leopard gecko skeletons
  A quokka skeleton (D:5)
  9 rats
236 creatures vanquished.

Vanquished Creatures (others)
  4 plants
4 creatures vanquished.

Grand Total: 240 creatures vanquished

Notes
Turn   | Place    | Note
-------+----------+-------------------------------------------
     0 | D:1      | saucetenuto the Troll Fighter began the quest for the Orb.
     0 | D:1      | Reached XP level 1. HP: 22/22 MP: 0/0
   108 | D:1      | Reached XP level 2. HP: 29/29 MP: 1/1
   135 | D:1      | Reached skill level 3 in Unarmed Combat
   352 | D:1      | Reached XP level 3. HP: 36/36 MP: 2/2
   724 | D:2      | Reached skill level 4 in Unarmed Combat
   753 | D:2      | Reached XP level 4. HP: 25/44 MP: 3/3
  1581 | D:3      | Reached skill level 5 in Unarmed Combat
  1725 | D:3      | Noticed Robin
  1745 | D:3      | Killed Robin
  1746 | D:3      | Reached XP level 5. HP: 46/50 MP: 4/4
  1774 | D:3      | Found a shadowy altar of Dithmenos.
  2335 | D:4      | Noticed an ogre
  2430 | D:3      | Killed an ogre
  2431 | D:3      | Reached skill level 6 in Unarmed Combat
  2536 | D:4      | Reached XP level 6. HP: 59/59 MP: 5/5
  2620 | D:4      | Found an opulent altar of Gozag.
  2637 | D:4      | Reached skill level 7 in Unarmed Combat
  2823 | D:4      | Found a radiant altar of Vehumet.
  3174 | D:4      | Reached XP level 7. HP: 66/66 MP: 6/6
  3287 | D:4      | Found a basalt altar of Yredelemnul.
  3431 | D:5      | Entered Level 5 of the Dungeon
  3479 | D:5      | Reached skill level 8 in Unarmed Combat
  3527 | D:5      | Noticed Blork the orc
  3540 | D:5      | Killed Blork the orc
  3810 | D:5      | Found a stormy altar of Qazlal.
  3844 | D:5      | Became a worshipper of Qazlal Stormbringer
  3869 | D:5      | Reached skill level 9 in Unarmed Combat
  4136 | D:6      | Got a scorched ivory ring
  4137 | D:6      | Identified the ring "Paphoph" {rElec rF+ Int+6} (You found
                  | it on level 6 of the Dungeon)
  4146 | D:6      | Reached XP level 8. HP: 74/74 MP: 7/7
  4210 | D:6      | Found Orimuall's Distillery.
  4230 | D:6      | Bought a potion of curing for 36 gold pieces
  4230 | D:6      | Bought a potion of haste for 120 gold pieces
  4230 | D:6      | Bought a potion of berserk rage for 60 gold pieces
  4290 | D:6      | Found Othry's General Store.
  4321 | D:6      | Found Jolur's Jewellery Shop.
  4327 | D:6      | Found Ekkiynal's Elemental Accessories.
  4381 | D:6      | Found Ylighewn's Weapon Emporium.
  4435 | D:6      | Found Qump's Assorted Antiques.
  4515 | D:6      | Found a burning altar of Makhleb.
  4522 | D:6      | Found a hazy altar of Hepliaklqana.
  4657 | D:6      | Reached skill level 10 in Unarmed Combat
  4668 | D:6      | Found a sacrificial altar of Ru.
  4796 | D:7      | Noticed a manticore
  4808 | D:7      | Killed a manticore
  4938 | D:7      | Reached skill level 5 in Shields
  5151 | D:7      | Found a runed translucent gate.
  5151 | D:7      | Found a runed translucent gate.
  5151 | D:7      | Found a runed translucent gate.
  5151 | D:7      | Noticed DearestLeader's ghost (novice SpEn)
  5220 | D:7      | Found a staircase to the Ecumenical Temple.
  5339 | D:7      | Reached * piety under Qazlal
  5340 | D:7      | Reached XP level 9. HP: 80/80 MP: 8/8
  5634 | D:7      | Noticed a two-headed ogre
  5643 | D:7      | Killed a two-headed ogre
  6010 | D:7      | Killed DearestLeader's ghost
  6011 | D:7      | Reached XP level 10. HP: 88/88 MP: 9/9
  6074 | D:8      | Reached ** piety under Qazlal
  6081 | D:8      | Found Qomp's Magic Scroll Shop.
  6097 | D:8      | Bought a scroll of blinking for 105 gold pieces
  6097 | D:8      | Bought a scroll of teleportation for 42 gold pieces
  6104 | D:8      | Noticed Joseph
  6119 | D:8      | Killed Joseph
  6120 | D:8      | Reached skill level 11 in Unarmed Combat
  6401 | D:8      | Noticed a death yak
  6450 | D:7      | Killed a death yak
  6451 | D:7      | Reached skill level 12 in Unarmed Combat
  6459 | D:8      | Noticed a death yak
  6463 | D:8      | Noticed a death yak
  6474 | D:7      | Killed a death yak
  6508 | D:8      | Killed a death yak
  6509 | D:8      | Reached skill level 13 in Unarmed Combat
  6678 | D:8      | Found a glowing silver altar of Zin.
  6690 | D:8      | Found a staircase to the Lair.
  6754 | D:8      | Found a glowing golden altar of the Shining One.
  6867 | Lair:1   | Entered Level 1 of the Lair of Beasts
  6899 | Lair:1   | Noticed a cane toad
  6904 | Lair:1   | Killed a cane toad
  6910 | Lair:1   | Noticed a black mamba
  6911 | Lair:1   | Noticed a cane toad
  6918 | Lair:1   | Killed a black mamba
  6919 | Lair:1   | Reached XP level 11. HP: 94/94 MP: 10/10
  7200 | Lair:1   | Noticed a seven-headed hydra
  7495 | Lair:1   | Reached skill level 14 in Unarmed Combat
  7670 | Lair:1   | Reached *** piety under Qazlal
  8095 | Lair:2   | Noticed a four-headed hydra
  8199 | Lair:2   | Noticed a lindwurm
  8203 | Lair:2   | Found a dark tunnel.
  8214 | Volcano  | Entered a volcano
  8486 | Volcano  | Reached skill level 15 in Unarmed Combat
  8627 | Volcano  | Reached skill level 1 in Throwing
  8656 | Volcano  | Noticed a salamander mystic
  8662 | Volcano  | Killed a salamander mystic
  8671 | Volcano  | Killed from afar by a molten gargoyle

Illustrated notes

Levels and vault maps discovered:
D:1:      ncdulo_watergridlock, layout_basic
D:2:      layout_basic
D:3:      layout_loops_ring, nicolae_dithmenos_shadow_blocks,
          chequers_serial_rivers_large_b, serial_park_tiny_1,
          minmay_statues_item, chequers_serial_rivers_micro_d, uniq_robin
D:4:      layout_basic, grunt_gozag_statues, vehumet_statue, lemuel_tele_altar
D:5:      layout_rooms, basic_altar, serial_rivers,
          chequers_serial_rivers_small_a, chequers_serial_rivers_room_a,
          chequers_serial_rivers_marsh, chequers_serial_rivers_micro_e,
          chequers_serial_rivers_small_3, chequers_serial_rivers_micro_e,
          kennysheep_potato, uniq_blork_the_orc
D:6:      layout_cave_pools, marbit_many_paths, amethyst_overflow_temple_binary,
          serial_shops, nicolae_shop_window_shopping, shop, shop,
          kennysheep_mini, nicolae_shop_window_shopping, nicolae_elemental_shop
D:7:      minmay_razor_zed, layout_basic, minmay_temple_entry_antechambers,
          gammafunk_ghost_nasty_kobolds
D:8:      layout_cave_pools, kennysheep_little_box, old_standard_altar,
          dpeg_lair_monsters, serial_shops, nicolae_shop_stone, uniq_joseph
Lair:1:   layout_cave_pods, infiniplex_staircase_pool_2
Lair:2:   layout_loops_ring, minmay_snake_entry_guardpost_large,
          ebering_ghost_xom, nicolae_volcano_entry_vermiform,
          serial_bayou_pond_e
Volcano:  volcano_lake [vl_original]

Skill      XL: |  1  2  3  4  5  6  7  8  9 10 11 |
---------------+----------------------------------+-----
Unarmed Combat | 3 4 5 6 7 9 10 13 15 | 15.0
Shields        | 5 9 |  9.0
Throwing       | 3 |  3.1
Fighting       | 3 |  3.2
Dodging        | |  2.4

Action                   |  1- 3 |  4- 6 |  7- 9 | 10-12 || total
-------------------------+-------+-------+-------+-------++-------
Melee: Unarmed           |   107 |   174 |   245 |   228 ||   754
Throw: Dart              |       |       |       |    11 ||    11
Evoke: Wand              |       |       |    13 |     7 ||    20
  Use: Potion            |     1 |       |     2 |     3 ||     6
       Scroll            |       |       |     7 |     5 ||    12
 Stab: Distracted        |       |     1 |       |       ||     1
Armor: Robe              |    31 |    52 |    52 |    19 ||   154
Dodge: Dodged            |    25 |    53 |    66 |    37 ||   181
Block: Kite shield       |    44 |    61 |   112 |   181 ||   398
       Reflection        |       |       |       |    12 ||    12
